 Dungeon Crawl Stone Soup version 0.19.1 (webtiles) character file.

20546 dohliylev the Unseen (level 12, -1/83 HPs)
             Began as a Vampire Enchanter on Dec 1, 2016.
             Was a Priest of Dithmenos.
             Splashed by an oklob plant's acid (15 damage)
             ... on level 3 of the Lair of Beasts on Dec 25, 2016.
             The game lasted 01:25:55 (17624 turns).

dohliylev the Unseen (Vampire Enchanter)           Turns: 17624, Time: 01:25:55

Health: -1/83      AC:  3    Str:  7    XL:     12   Next: 46%
Magic:  0/23       EV:  9    Int: 18    God:    Dithmenos [***...]
Gold:   1194       SH:  5    Dex: 19    Spells: 5 memorised, 14 levels left

rFire  + + .     SeeInvis +     a - +4 dagger "Worm" {drain, rElec Int+4}
rCold  x . .     Gourm    .     E - +0 fire dragon scales "Yliemp" {rF++ rC- rN+ Regen+ Int-4 Stlth+}
rNeg   + + .     Faith    .     X - +0 buckler
rPois  +         Spirit   +     y - +2 hat
rElec  +         Reflect  .     A - +0 cloak
rCorr  .         Harm     .     u - +2 pair of gloves
MR     +....                    (no boots)
Stlth  +++++++++.               J - amulet of guardian spirit
                                (no ring)
                                W - ring of poison resistance

@: corroded, very slightly contaminated, wreathed by umbra
A: fangs 3, see invisible, unbreathing
a: Bat Form, Shadow Step, Renounce Religion


You were on level 3 of the Lair of Beasts.
You worshipped Dithmenos.
Dithmenos was most pleased with you.
You were not thirsty.

You visited 3 branches of the dungeon, and saw 15 of its levels.

You collected 1194 gold pieces.

Inventory:

Hand Weapons
 a - the +4 dagger "Worm" (weapon) {drain, rElec Int+4}
   (You found it on level 2 of the Lair of Beasts)

   A truly terrible weapon, it drains the life of those it strikes.
   It affects your intelligence (+4).
   It insulates you from electricity.
 b - a +0 blowgun
Missiles
 B - 13 poisoned needles
 H - 9 tomahawks (quivered)
 N - 5 tomahawks of returning
Armour
 u - a +2 pair of gloves (worn)
 y - a +2 hat (worn)
 A - a +0 cloak (worn)
 E - the +0 fire dragon scales "Yliemp" (worn) {rF++ rC- rN+ Regen+ Int-4 Stlth+}
   (You found it on level 2 of the Lair of Beasts)

   It affects your intelligence (-4).
   It greatly protects you from fire.
   It makes you vulnerable to cold.
   It protects you from negative energy.
   It increases your rate of regeneration.
   It makes you more stealthy.
 X - a +0 buckler (worn)
Magical Staves
 o - an uncursed staff of earth
Jewellery
 j - an uncursed amulet of rage
 J - an amulet of guardian spirit (around neck)
 L - an uncursed amulet of guardian spirit
 W - a ring of poison resistance (left hand)
Wands
 i - a wand of slowing (18/48)
 r - a wand of polymorph (3/24)
 P - a wand of slowing (26/48)
Scrolls
 e - 6 scrolls of remove curse
 f - 5 scrolls of teleportation
 g - 3 scrolls of amnesia
 k - a scroll of acquirement {unknown}
 l - 2 scrolls of blinking {unknown}
 p - a scroll of noise {unknown}
 q - 4 scrolls of fear
 D - 3 scrolls of magic mapping
 I - 2 scrolls of enchant armour {unknown}
 O - a scroll of holy word {unknown}
 Q - a scroll of torment {unknown}
 S - 3 scrolls of immolation
 V - a scroll of fog {unknown}
Potions
 d - 20 potions of blood
 h - 2 potions of ambrosia {unknown}
 m - 4 potions of curing
 n - 4 potions of heal wounds
 s - 4 potions of degeneration {unknown}
 t - a potion of cure mutation {unknown}
 v - 3 potions of might {unknown}
 w - a potion of agility {unknown}
 x - 4 potions of flight
 z - 2 potions of magic {unknown}
 C - 4 potions of haste
 M - 3 potions of lignification {unknown}
 R - a potion of cancellation {unknown}
 T - 2 potions of mutation {unknown}
Books
 c - a book of Maledictions

   Spells                             Type                      Level
   a - Corona                         Hexes                        1
   b - Ensorcelled Hibernation        Hexes/Ice                    2
   c - Confuse                        Hexes                        3
   d - Tukima's Dance                 Hexes                        3
   e - Dazzling Spray                 Conjuration/Hexes            3
 G - Sif Muna's Papyrus of the Entourage
   (You found it on level 6 of the Dungeon)

   Spells                             Type                      Level
   a - Summon Butterflies             Summoning                    1
 K - a book of Battle

   Spells                             Type                      Level
   a - Infusion                       Charms                       1
   b - Shroud of Golubria             Charms/Translocation         2
   c - Song of Slaying                Charms                       2
   d - Spectral Weapon                Hexes/Charms                 3
   e - Regeneration                   Charms/Necromancy            3
 U - a book of Clouds

   Spells                             Type                      Level
   a - Mephitic Cloud                 Conjuration/Poison/Air       3
   b - Conjure Flame                  Conjuration/Fire             3
   c - Poisonous Cloud                Conjuration/Poison/Air       6
   d - Freezing Cloud                 Conjuration/Ice/Air          6
   e - Ring of Flames                 Charms/Fire                  7
 Y - a book of Geomancy

   Spells                             Type                      Level
   a - Sandblast                      Earth                        1
   b - Passwall                       Transmutation/Earth          2
   c - Stone Arrow                    Conjuration/Earth            3
   d - Petrify                        Transmutation/Earth          4
   e - Lee's Rapid Deconstruction     Earth                        5
 Z - a book of Enchantments

   Spells                             Type                      Level
   a - Cause Fear                     Hexes                        4
   b - Yara's Violent Unravelling     Hexes/Transmutation          5
   c - Silence                        Hexes/Air                    5
   d - Deflect Missiles               Charms/Air                   6
   e - Discord                        Hexes                        8


   Skills:
 + Level 3.7 Fighting
 + Level 7.0 Short Blades
 + Level 1.1 Throwing
 + Level 3.4 Armour
 + Level 6.2 Dodging
 + Level 17.4 Stealth
 + Level 3.5 Shields
 + Level 7.7 Spellcasting
 + Level 1.2 Conjurations
 + Level 11.4 Hexes
 + Level 6.4 Ice Magic
 + Level 0.1 Poison Magic
 + Level 0.5 Invocations
 + Level 1.3 Evocations


You had 14 spell levels left.
You knew the following spells:

 Your Spells              Type           Power        Failure   Level  Hunger
a - Corona                Hex            #####..      1%          1    None
b - Ensorcelled Hibernat  Hex/Ice        #####.       10%         2    None
c - Dazzling Spray        Conj/Hex       ####..       47%         3    #......
d - Tukima's Dance        Hex            #####...     8%          3    #......
e - Mephitic Cloud        Conj/Pois/Air  #.......     100%        3    #......


Dungeon Overview and Level Annotations

Branches:
Dungeon (11/15)            Temple (1/1) D:7            Lair (3/6) D:11
  Swamp: Lair:2-4    Shoals: Lair:2-4     Snake: Lair:2-4    Spider: Lair:2-4
    Orc: D:9-12

Altars:
Ashenzari
Cheibriados
Dithmenos
Elyvilon
Fedhas
Gozag
Hepliaklqana
Kikubaaqudgha
Makhleb
Nemelex Xobeh
Okawaru
Qazlal
Ru
Sif Muna
Trog
Uskayaw
Vehumet
Xom
Yredelemnul
Zin
The Shining One

Shops:
D:4 (   D:5 %   D:6 *

Annotations:
Lair:3 exclusion: oklob plant


Innate Abilities, Weirdness & Mutations

You have razor-sharp teeth.
You have supernaturally acute eyesight. (SInv)
You can survive without breathing.


Message History

The spray of energy hits the oklob plant.
The oklob plant is lightly damaged.
Casting: Dazzling Spray
Confirm with . or Enter, or press ? or * to list all spells.
Aiming: Dazzling Spray
Press: ? - help, Shift-Dir - straight line, f/p - oklob plant
Aim: an oklob plant (lightly damaged, umbra)
The spray of energy hits the oklob plant.
The oklob plant is lightly damaged.
The oklob plant spits acid at you. The splash of acid hits you!
The acid corrodes you!
You are splashed with acid!
The acid burns!
The oklob plant spits acid at you. The splash of acid hits you!
The acid corrodes you!
You are splashed with acid!
The acid burns!
The oklob plant spits acid at you. The splash of acid hits you!
* * * LOW HITPOINT WARNING * * *
You are splashed with acid!
The acid burns!
You die...

#....## ##......
##....## #........
#......# #...#P###
##.....# ###
...P#####. #......#
..# ##... ##.
#......# .. # ##.#
#.. #......###
.#.#.##. #..#.
(.......P.##.......
......
###.........@.......
...###.
#..................
.## #.
#........#.........
#.
#....#############
## #...# # ####


You could see an oklob plant.

Vanquished Creatures
  A fire dragon (Lair:2)
  A hydra (D:11)
  A hill giant (D:11)
  Pikel (D:4)
  An ugly thing (D:11)
  A cyclops (D:11)
  A black mamba (Lair:2)
  4 komodo dragons
  A two-headed ogre (D:9)
  A troll (D:11)
  Grinder (D:4)
  8 blink frogs
  29 yaks
  A wyvern (D:11)
  The ghost of NNNN the Ruffian, an amateur NaTm (D:3)
  3 hungry ghosts
  4 basilisks
  A human (D:10)
  4 water moccasins
  4 porcupines
  4 orc warriors
  A slave (D:4)
  A black bear (D:10)
  3 eyes of draining
  An ice beast (D:9)
  4 sky beasts
  6 ogres
  2 phantoms
  7 wolves
  5 centaurs
  5 crocodiles
  A big kobold (D:9)
  15 bullfrogs
  3 gnoll sergeants (D:7)
  2 scorpions (D:8)
  10 killer bees
  6 wights
  2 howler monkeys (D:8)
  3 electric eels (D:11)
  3 crimson imps
  2 bullfrog zombies
  A quasit (D:9)
  3 centaur zombies
  9 hounds
  5 gnoll shamans (D:7)
  2 bullfrog skeletons
  10 orc priests
  6 orc wizards
  Crazy Yiuf (D:4)
  Ijyb (D:2)
  2 centaur skeletons
  3 iguanas
  9 worker ants
  Terence (D:2)
  A killer bee zombie (D:6)
  3 hound skeletons
  A hound zombie (D:6)
  12 adders
  10 gnolls (D:7)
  3 shadow imps
  An ooze (D:1)
  3 adder skeletons
  2 worms
  5 dart slugs
  8 leopard geckos
  44 orcs
  9 bats
  5 giant cockroaches
  4 goblins
  12 hobgoblins
  21 jackals
  17 kobolds
  2 quokkas
  6 frilled lizards
  2 leopard gecko skeletons (D:5)
  A quokka zombie (D:7)
  6 rats
386 creatures vanquished.

Vanquished Creatures (others)
  An adder (D:4)
  A fungus (Lair:2)
  5 plants (D:7)
7 creatures vanquished.

Grand Total: 393 creatures vanquished

Notes
Turn   | Place    | Note
-------+----------+-------------------------------------------
     0 | D:1      | dohliylev the Vampire Enchanter began the quest for the Orb.
     0 | D:1      | Reached XP level 1. HP: 13/13 MP: 3/3
   247 | D:1      | Reached XP level 2. HP: 7/19 MP: 5/5
   251 | D:1      | Learned a level 2 spell: Ensorcelled Hibernation
   506 | D:1      | Reached skill level 5 in Stealth
   652 | D:1      | Reached XP level 3. HP: 25/25 MP: 3/6
  1292 | D:2      | Noticed Ijyb
  1302 | D:2      | Killed Ijyb
  1302 | D:2      | Reached XP level 4. HP: 26/31 MP: 0/7
  1377 | D:2      | Noticed Terence
  1384 | D:2      | Learned a level 3 spell: Dazzling Spray
  1473 | D:2      | Reached skill level 5 in Hexes
  1623 | D:2      | Killed Terence
  1623 | D:2      | Reached skill level 6 in Stealth
  2055 | D:3      | Reached XP level 5. HP: 32/36 MP: 1/8
  2062 | D:3      | Noticed NNNN's ghost (amateur NaTm)
  2884 | D:3      | Killed NNNN's ghost
  2884 | D:3      | Reached skill level 1 in Fighting
  2884 | D:3      | Reached skill level 7 in Stealth
  2884 | D:3      | Reached XP level 6. HP: 43/43 MP: 9/9
  2951 | D:4      | Found a white marble altar of Elyvilon.
  3012 | D:4      | Noticed Grinder
  3036 | D:4      | Paralysed by Grinder for 3 turns
  3045 | D:4      | Killed Grinder
  3045 | D:4      | Reached skill level 8 in Stealth
  3142 | D:4      | Reached XP level 7. HP: 39/48 MP: 10/10
  3267 | D:4      | Found a shimmering altar of Xom.
  3330 | D:4      | Noticed Pikel
  3335 | D:4      | Killed Pikel
  3335 | D:4      | Reached skill level 10 in Stealth
  3335 | D:4      | Reached skill level 1 in Shields
  3335 | D:4      | Reached skill level 1 in Ice Magic
  3335 | D:4      | Reached skill level 1 in Evocations
  3366 | D:4      | Found Kicod's Weapon Boutique.
  3574 | D:4      | Reached XP level 8. HP: 55/55 MP: 12/12
  3749 | D:4      | Found a runed door.
  3753 | D:4      | Noticed Crazy Yiuf
  3757 | D:4      | Killed Crazy Yiuf
  3819 | D:5      | Entered Level 5 of the Dungeon
  4080 | D:5      | Found Jimikam's Food Shop.
  4211 | D:5      | Reached skill level 11 in Stealth
  4223 | D:5      | Reached skill level 1 in Armour
  4418 | D:6      | Found a deep blue altar of Sif Muna.
  4548 | D:6      | Identified Sif Muna's Papyrus of the Entourage
  4585 | D:6      | Found Jujyud's Assorted Antiques.
  4604 | D:6      | Found a snail-covered altar of Cheibriados.
  5212 | D:6      | Found a hide-covered altar of Uskayaw.
  5749 | D:7      | Reached skill level 12 in Stealth
  5841 | D:7      | Reached XP level 9. HP: 61/61 MP: 12/15
  5849 | D:7      | Learned a level 3 spell: Tukima's Dance
  6420 | D:7      | Found a stormy altar of Qazlal.
  7198 | D:7      | Found a staircase to the Ecumenical Temple.
  7210 | Temple   | Entered the Ecumenical Temple
  7435 | Temple   | Became a worshipper of Dithmenos the Shadowed
  8312 | D:7      | Reached skill level 5 in Dodging
  8696 | D:7      | Reached skill level 13 in Stealth
  9275 | D:8      | Reached * piety under Dithmenos
 10005 | D:8      | Reached XP level 10. HP: 68/68 MP: 17/17
 10036 | D:8      | Reached skill level 5 in Spellcasting
 10322 | D:9      | Found a glowing silver altar of Zin.
 10468 | D:9      | Reached skill level 5 in Short Blades
 10921 | D:9      | Reached ** piety under Dithmenos
 11920 | D:10     | Entered Level 10 of the Dungeon
 11928 | D:10     | Reached skill level 1 in Throwing
 11928 | D:10     | Reached skill level 14 in Stealth
 12463 | D:10     | Reached *** piety under Dithmenos
 13324 | D:11     | Noticed a red ugly thing
 13325 | D:11     | Found a staircase to the Lair.
 13350 | D:11     | Reached XP level 11. HP: 75/75 MP: 12/19
 13365 | D:11     | Learned a level 3 spell: Mephitic Cloud
 13582 | D:11     | Killed a red ugly thing
 13582 | D:11     | Reached skill level 15 in Stealth
 13864 | D:11     | Reached skill level 5 in Ice Magic
 13997 | D:11     | Noticed a seven-headed hydra
 14002 | D:11     | Killed a seven-headed hydra
 14122 | D:11     | Reached skill level 10 in Hexes
 14412 | D:11     | Reached skill level 1 in Conjurations
 14554 | D:11     | Noticed a hill giant
 14563 | D:11     | Killed a hill giant
 14685 | Lair:1   | Entered Level 1 of the Lair of Beasts
 14839 | Lair:1   | Reached skill level 16 in Stealth
 15674 | Lair:2   | Got a scorched dagger
 15690 | Lair:2   | Identified the +4 dagger "Worm" {drain, rElec Int+4} (You found it on level 2 of the Lair of Beasts)
 15767 | Lair:2   | Reached XP level 12. HP: 12/81 MP: 1/22
 16475 | Lair:2   | Reached **** piety under Dithmenos
 16770 | Lair:2   | Noticed a fire dragon
 16779 | Lair:2   | Killed a fire dragon
 16779 | Lair:2   | Reached skill level 17 in Stealth
 16827 | Lair:2   | Got bloodstained fire dragon scales
 16845 | Lair:2   | Identified the +0 fire dragon scales "Yliemp" {rF++ rC- rN+ Regen+ Int-4 Stlth+} (You found it on level 2 of the Lair of Beasts)
 16871 | Lair:2   | Got a smoking hand crossbow
 16872 | Lair:2   | Identified the +8 hand crossbow "Rywoub" {elec, Int+9} (You found it on level 2 of the Lair of Beasts)
 17624 | Lair:3   | Splashed by an oklob plant's acid

Skill      XL: |  1  2  3  4  5  6  7  8  9 10 11 12 |
---------------+-------------------------------------+-----
Stealth        | 5 6 7 8 10 12 13 14 16 17 | 17.4
Short Blades   | 2 3 4 5 6 7 |  7.0
Hexes          | 5 6 7 9 10 11 | 11.4
Dodging        | 3 4 5 6 |  6.2
Fighting       | 1 2 3 |  3.7
Shields        | 1 2 3 |  3.5
Ice Magic      | 1 2 3 4 6 |  6.4
Evocations     | 1 |  1.3
Spellcasting   | 3 4 5 7 |  7.7
Armour         | 1 2 3 |  3.4
Throwing       | 1 |  1.1
Conjurations   | 1 |  1.2
Poison Magic   | |  0.1
Invocations    | |  0.5

Action                   |  1- 3 |  4- 6 |  7- 9 | 10-12 || total
-------------------------+-------+-------+-------+-------++-------
Melee: Dagger            |   127 |    88 |   409 |   526 ||  1150
       Bite              |    12 |     5 |    39 |    39 ||    95
       Unarmed           |       |     2 |       |       ||     2
Throw: Tomahawk          |       |       |       |    16 ||    16
 Cast: Ensorcelled Hiber |    18 |    14 |    92 |   167 ||   291
       Dazzling Spray    |       |     2 |    19 |    33 ||    54
       Corona            |       |       |       |     3 ||     3
       Mephitic Cloud    |       |       |       |     3 ||     3
Invok: Shadow Step       |       |       |       |     6 ||     6
 Abil: Evoke Berserk Rag |       |     3 |     1 |       ||     4
       End Transformatio |       |     1 |     3 |     2 ||     6
       Bat Form          |       |     1 |     3 |     2 ||     6
Evoke: Wand              |       |       |     2 |       ||     2
  Use: Potion            |       |     7 |    19 |     4 ||    30
       Scroll            |       |       |       |    14 ||    14
 Stab: Sleeping          |    17 |    20 |    76 |   132 ||   245
       Distracted        |       |     1 |     1 |     1 ||     3
       Invisible         |       |     1 |     4 |     3 ||     8
       Confused          |       |       |       |     1 ||     1
  Eat: Corpse            |    10 |     1 |       |    15 ||    26
Armor: Robe              |    25 |    38 |       |       ||    63
       Skin              |       |     2 |       |       ||     2
       Leather armour    |       |       |    75 |    79 ||   154
       Fire dragon scale |       |       |       |    12 ||    12
Dodge: Dodged            |    77 |    76 |   183 |   285 ||   621
Block: Buckler           |       |    10 |    85 |    93 ||   188
